 Dungeon Crawl Stone Soup version 0.21-a0-364-gbd1fde4 (webtiles) character file.

272 wazuzu the Conjurer (level 6, 0/45 HPs)
             Began as a Draconian Wizard on Oct 14, 2017.
             Succumbed to a worker ant's poison
             ... on level 4 of the Dungeon.
             The game lasted 00:10:36 (3676 turns).

wazuzu the Conjurer (Draconian Wizard)              Turns: 3676, Time: 00:10:37

Health: 0/45       AC:  6    Str: 10    XL:     6   Next: 2%
Magic:  0/12       EV: 12    Int: 20    God:
Gold:   194        SH:  0    Dex:  9    Spells: 12/13 levels left

rFire    + . .     SeeInvis .   e - +0 dagger
rCold    + . .     Gourm    .   (no shield)
rNeg     . . .     Faith    .   (armour unavailable)
rPois    +         Spirit   +   a - +0 hat
rElec    +         Reflect  .   (no cloak)
rCorr    +         Harm     .   (no gloves)
MR       .....                  (no boots)
Stlth    ++........             o - amulet of guardian spirit
HPRegen  0.15/turn              m - ring of resist corrosion
MPRegen  0.13/turn              (no ring)

@: lethally poisoned (0 -> -7), resistant
A: unfitting armour, cold-blooded, AC +6
a: no special abilities


You were on level 4 of the Dungeon.
You were not hungry.

You visited 1 branch of the dungeon, and saw 4 of its levels.

You collected 194 gold pieces.

Inventory:

Hand Weapons
 e - a +0 dagger (weapon)
Armour
 a - a +0 hat (worn)
Jewellery
 m - a ring of resist corrosion (left hand)
 o - an amulet of guardian spirit (around neck)
Scrolls
 d - 2 scrolls of enchant armour {unknown}
 h - a scroll of recharging {unknown}
 i - 2 scrolls of amnesia {unknown}
 j - 2 scrolls of identify
 k - a scroll of fog {unknown}
 n - 4 scrolls of enchant weapon {unknown}
Potions
 f - a potion of flight
Books
 b - a book of Minor Magic

   Spells                             Type                      Level
   a - Magic Dart                     Conjuration                  1
   b - Blink                          Translocation                2
   c - Call Imp                       Summoning                    2
   d - Slow                           Hexes                        2
   e - Conjure Flame                  Conjuration/Fire             3
   f - Mephitic Cloud                 Conjuration/Poison/Air       3
Comestibles
 c - 2 bread rations
 l - 3 fruits


   Skills:
 - Level 1.7 Dodging
 - Level 1.7 Stealth
 + Level 4.3 Spellcasting
 * Level 5.0 Conjurations
   Level 1.0 Summonings
   Level 1.0 Translocations


You had 12 spell levels left.
You knew the following spells:

 Your Spells              Type           Power        Failure   Level  Hunger
a - Magic Dart            Conj           ###.         1%          1    None


Dungeon Overview and Level Annotations

Branches:
Dungeon (4/15)
 Temple: D:4-7

Altars:
Ashenzari
Gozag
Kikubaaqudgha
Okawaru
Vehumet
The Shining One

Shops:
D:4 %

Annotations:
D:3 wazuzu's ghost, amateur FoAK


Innate Abilities, Weirdness & Mutations

Your plain brown scales are hard. (AC +6)
You cannot fit into any form of body armour.
You are cold-blooded and may be slowed by cold attacks.


Message History

The worker ant is almost dead.
You feel sick. The worker ant closely misses you.
You completely miss the worker ant.
The worker ant is almost dead.
You feel sick. The worker ant bites you.
* * * LOW HITPOINT WARNING * * *
You closely miss the worker ant.
The worker ant is almost dead.
You feel sick. The worker ant bites you.
* * * LOW HITPOINT WARNING * * *
Casting: Magic Dart
Confirm with . or Enter, or press ? or * to list all spells.
You don't have enough magic to cast that spell.
You hit the worker ant but do no damage.
The worker ant is almost dead.
The worker ant bites you.
* * * LOW HITPOINT WARNING * * *
You barely miss the worker ant.
The worker ant is almost dead.
You die...

.. ...# .. .. #. ...# .#...
.. #.##..##.#... .#.#
.....#............
...####.....#...........)
...##.......#.........%.
....................#
.........##.#...@a..#
#.........#.#.####..#####.#
................##........#
#...........#.#.##.########
#.....>.....#......#
#............##.####
####..#.......#.####
#...............#
#.##.......#.##.#


You could see a worker ant.

Vanquished Creatures
  A wyvern skeleton (D:4)
  A bullfrog zombie (D:2)
  An iguana (D:3)
  2 worker ants (D:4)
  3 adders
  2 oozes
  An adder skeleton (D:4)
  A worm (D:2)
  2 dart slugs
  A leopard gecko (D:2)
  5 orcs
  3 ball pythons
  8 bats
  A giant cockroach (D:1)
  10 goblins
  6 hobgoblins
  4 jackals (D:3)
  4 frilled lizards
  7 kobolds
  7 rats
70 creatures vanquished.

Notes
Turn   | Place    | Note
-------+----------+-------------------------------------------
     0 | D:1      | wazuzu the Draconian Wizard began the quest for the Orb.
     0 | D:1      | Reached XP level 1. HP: 14/14 MP: 4/4
   366 | D:1      | Reached XP level 2. HP: 18/20 MP: 0/6
   539 | D:1      | Reached skill level 2 in Conjurations
   918 | D:1      | Reached XP level 3. HP: 20/26 MP: 0/7
  1298 | D:2      | Found a radiant altar of Vehumet.
  1441 | D:2      | Found a shattered altar of Ashenzari.
  1532 | D:2      | Reached skill level 3 in Conjurations
  1532 | D:2      | Reached XP level 4. HP: 10/33 MP: 5/9
  1834 | D:2      | Found an ancient bone altar of Kikubaaqudgha.
  1834 | D:2      | Found an opulent altar of Gozag.
  1874 | D:2      | Found a glowing golden altar of the Shining One.
  2471 | D:3      | Noticed wazuzu's ghost (amateur FoAK)
  2600 | D:3      | Reached skill level 4 in Conjurations
  2667 | D:3      | Found an iron altar of Okawaru.
  2776 | D:3      | Reached XP level 5. HP: 32/38 MP: 1/10
  2916 | D:3      | Found a faded altar of an unknown god.
  2939 | D:4      | Found Qoax's Food Boutique.
  3588 | D:4      | Reached skill level 5 in Conjurations
  3588 | D:4      | Reached XP level 6. HP: 31/45 MP: 5/12
  3675 | D:4      | HP: 1/45 [worker ant (4)]
  3676 | D:4      | Succumbed to a worker ant's poison

Vault maps used:
D:1:      shiori_shiawase
D:2:      tso_metal_star, vehumet_crystals, gammafunk_temple_overflow_wave,
          minmay_misc_feat_x, minmay_tree_intersection,
          nicolae_ashenzari_panopticon
D:3:      kennysheep_okawaru_gauntlet, chequers_ecumenical_altar_simple
D:4:      lemuel_round_altar, serial_shops, shop, first_bread

Skill      XL: |  1  2  3  4  5 |
---------------+----------------+-----
Conjurations   | 2 3 4 5 |  5.0
Spellcasting   | 4 |  4.3
Dodging        | |  1.7
Stealth        | |  1.7
Summonings     | |  1.0
Translocations | |  1.0

Action                   |  1- 3 |  4- 6 || total
-------------------------+-------+-------++-------
Melee: Dagger            |    12 |    52 ||    64
       Tailslap          |     3 |     4 ||     7
       Unarmed           |     2 |       ||     2
 Cast: Magic Dart        |    87 |   127 ||   214
  Use: Scroll            |     3 |     1 ||     4
       Potion            |     1 |     1 ||     2
  Eat: Chunk             |     1 |     6 ||     7
       Fruit             |       |     1 ||     1
Armor: Skin              |    10 |    24 ||    34
Dodge: Dodged            |    21 |    76 ||    97

Table legend:
 A = Spawn XP
 B = Non-spawn XP
 C = Spawn XP percentage of total XP
 D = Spawn monster count
 E = Non-spawn monster count
 F = Spawn count percentage of total count
 G = Total turns spent on level
                    A         B        C        D         E        F      G
               +---------+---------+-------+---------+---------+-------+---------
         Total |       0 |     389 |   0.0 |       0 |      70 |   0.0 |  3676
               +---------+---------+-------+---------+---------+-------+---------
           D:1 |       0 |      42 |   0.0 |       0 |      22 |   0.0 |  1035
           D:2 |       0 |     109 |   0.0 |       0 |      16 |   0.0 |  1057
           D:3 |       0 |      95 |   0.0 |       0 |      26 |   0.0 |  1213
           D:4 |       0 |     143 |   0.0 |       0 |       6 |   0.0 |   371
               +---------+---------+-------+---------+---------+-------+---------
